 Dungeon Crawl Stone Soup version 0.27-a0-1147-gb3d8e82157 (webtiles) character file.

Game seed: 6988458231307499244

363 Mgcat the Magician (level 6, -2/46 HPs)
             Began as a Djinni Fire Elementalist on May 11, 2021.
             Was a Follower of Makhleb.
             Slain by a wyvern skeleton (13 damage)
             ... on level 7 of the Dungeon.
             The game lasted 00:06:52 (3733 turns).

Mgcat the Magician (Djinni Fire Elementalist)       Turns: 3733, Time: 00:06:52

Health: -2/46      AC:  3    Str:  7    XL:     6   Next: 67%
Gold:   106        EV: 12    Int: 19    God:    Makhleb [*.....] SH:  0 Dex: 13

rFire    + + +     SeeInvis .   m - staff of fire {rF+}
rCold    x . .     Faith    .   (no shield)
rNeg     . . .     Spirit   .   a - +0 robe
rPois    ∞         Reflect  .   j - +0 helmet
rElec    .         Harm     .   (no cloak)
rCorr    .         Rampage  .   (no gloves)
Will     .....                  (boots unavailable)
Stlth    ++........             (no amulet)
HPRegen  0.15/turn              (no ring)
MPRegen  0.00/turn              (no ring)

@: flying
A: sickness immunity, fire resistance 2, cold vulnerability 1, float, innate
caster, hp casting, extra vitality 1
a: Renounce Religion


You were on level 7 of the Dungeon.
You worshipped Makhleb.
Makhleb was aware of your devotion.
You visited 1 branch of the dungeon, and saw 9 of its levels.

You collected 188 gold pieces.
You spent 82 gold pieces at shops.

Inventory:

Hand Weapons
 b - a +0 dagger
   (You took it off a kobold on level 1 of the Dungeon)
Armour
 a - a +0 robe (worn)
 j - a +0 helmet (worn)
   (You found it on level 3 of the Dungeon)
Magical Staves
 m - a staff of fire (weapon) {rF+}
   (You found it on level 5 of the Dungeon)
 q - a staff of earth
   (You found it on level 7 of the Dungeon)
Wands
 k - a wand of acid (3)
   (You found it on level 4 of the Dungeon)
Scrolls
 d - a scroll of fear {unknown}
 f - 2 scrolls of vulnerability {unknown}
 l - a scroll of immolation {unknown}
Potions
 e - 3 potions of attraction {!q}
 g - a potion of might
 h - a potion of brilliance
 i - 2 potions of berserk rage {!q}
 n - a potion of heal wounds {unknown}
 o - 2 potions of curing {unknown}
 p - a potion of ambrosia {unknown}
 r - 2 potions of mutation {!q}


   Skills:
 + Level 3.1 Fighting
 + Level 3.0 Dodging
 + Level 2.3 Stealth
 * Level 4.9 Spellcasting


You couldn't memorise any spells.
You knew the following spells:

 Your Spells              Type           Power      Damage    Failure   Level
a - Foxfire               Conj/Fire      100%       2x1d9     1%          1
b - Conjure Flame         Conj/Fire      35%        6-21      4%          3
c - Inner Flame           Hex/Fire       35%        N/A       4%          3
d - Sticky Flame          Conj/Fire      35%        2d5       16%         4
e - Fireball              Conj/Fire      17%        3d9       41%         5
f - Sting                 Tmut/Pois      92%        1d7       1%          1
g - Searing Ray           Conj           46%        3d4       2%          2
Your spell library was empty.

Dungeon Overview and Level Annotations

Branches:
Dungeon (10/15)
 Temple: D:4-7         Lair: D:8-11         Orc: D:9-12

Altars:
Makhleb

Shops:
D:3 (   D:10 **==

Annotations:
D:2 Terence


Innate Abilities, Weirdness & Mutations

You are immune to sickness and miasma.
You are immune to poison.
Your flesh is very heat resistant. (rF++)
You are vulnerable to cold. (rC-)
You float through the air rather than walking.
You learn spells naturally, not from books.
Your magical power is your life essence.
You have superior vitality. (+4 HP)


Message History

Unknown command.
A water moccasin comes into view.
Spoiler Alert: The water moccasin (asleep) is fast!
Unknown command.
Lua error: [string "/dgldir/rcfiles/crawl-git/Mgcat.rc"]:930: invalid capture index Unknown command.
Lua error: [string "/dgldir/rcfiles/crawl-git/Mgcat.rc"]:930: invalid capture index Unknown command.
Lua error: [string "/dgldir/rcfiles/crawl-git/Mgcat.rc"]:930: invalid capture index Unknown command.
Unknown command.
Found an escape hatch in the floor.
Found a stone staircase leading down.
The water moccasin hisses angrily.
Spoiler Alert: The water moccasin is fast!
Casting: Foxfire (safe; 1% risk of failure)
Confirm with . or Enter, or press ? or * to list all spells.
You feel a surge of power!
You conjure some foxfire!
The foxfire hits the water moccasin!
The water moccasin is moderately wounded.
The foxfire hits the water moccasin.
The water moccasin is heavily wounded.
You take 1 damage, and have 44/45 hp.
Spoiler Alert: The water moccasin is fast!
Casting: Foxfire (safe; 1% risk of failure)
Confirm with . or Enter, or press ? or * to list all spells.
You feel a surge of power!
You conjure some foxfire!
The foxfire hits the water moccasin but does no damage.
The water moccasin is heavily wounded.
The foxfire hits the water moccasin but does no damage.
The water moccasin is heavily wounded.
The water moccasin bites you.
You take 2 damage, and have 42/45 hp.
Spoiler Alert: The water moccasin is fast!
Casting: Foxfire (safe; 1% risk of failure)
Confirm with . or Enter, or press ? or * to list all spells.
You feel a surge of power!
You conjure some foxfire!
The water moccasin bites you!
The foxfire hits the water moccasin.
The water moccasin is heavily wounded.
The water moccasin barely misses you. The water moccasin bites you!
The foxfire hits the water moccasin.
The water moccasin is severely wounded.
You take 16 damage, and have 26/45 hp.
MASSIVE DAMAGE!!
Spoiler Alert: The water moccasin is fast!
Casting: Foxfire (safe; 1% risk of failure)
Confirm with . or Enter, or press ? or * to list all spells.
You feel a surge of power!
You conjure some foxfire!
The water moccasin bites you!
The foxfire hits the water moccasin.
The water moccasin is severely wounded.
The foxfire hits the water moccasin.
You kill the water moccasin!
Makhleb accepts your kill.
Your Fighting skill increases to level 3!
Your Dodging skill increases to level 3!
You take 9 damage, and have 17/46 hp.
You start resting.
HP restored.
You regained 22 hp, and now have 39/46 hp.
You start resting.
HP restored.
Health restored: 46
Found a stone staircase leading up.
You now have 106 gold pieces (gained 14).
Found a stone staircase leading up.
There is a stone staircase leading up here.
You fly upwards.
A wyvern skeleton comes into view.
There is a stone staircase leading down here.
Casting: Foxfire (safe; 1% risk of failure)
Confirm with . or Enter, or press ? or * to list all spells.
You feel a surge of power!
You conjure some foxfire!
The wyvern skeleton barely misses you.
The foxfire hits the wyvern skeleton!
The wyvern skeleton is moderately damaged.
The foxfire hits the wyvern skeleton.
The wyvern skeleton is heavily damaged.
The wyvern skeleton bites you! The wyvern skeleton barely misses you.
You take 15 damage, and have 31/46 hp.
MASSIVE DAMAGE!!
Casting: Foxfire (safe; 1% risk of failure)
Confirm with . or Enter, or press ? or * to list all spells.
You feel a surge of power!
You conjure some foxfire!
The wyvern skeleton barely misses you.
The foxfire hits the wyvern skeleton.
The wyvern skeleton is heavily damaged.
The foxfire hits the wyvern skeleton!
The wyvern skeleton is severely damaged.
The wyvern skeleton bites you.
You take 4 damage, and have 27/46 hp.
Casting: Foxfire (safe; 1% risk of failure)
Confirm with . or Enter, or press ? or * to list all spells.
You feel a surge of power!
You conjure some foxfire!
The wyvern skeleton misses you. The wyvern skeleton bites you!
* * * LOW HITPOINT WARNING * * *
The foxfire hits the wyvern skeleton.
The wyvern skeleton is severely damaged.
The foxfire hits the wyvern skeleton.
The wyvern skeleton is almost destroyed.
The wyvern skeleton bites you!
You die...

# ##.#
######...#
#...§@Z..#
#.#..........
#............
###..#.......
... ###....
.##+ .... #.
... # .#


You could see a wyvern skeleton.

Vanquished Creatures
  A water moccasin (D:8)
  A centaur (D:7)
  A centaur zombie (D:10)
  A hound (D:4)
  3 adders
  A shadow imp (D:5)
  2 worms
  A dart slug (D:1)
  12 orcs
  5 endoplasms
  7 goblins
  4 hobgoblins
  4 jackals (D:3)
  5 kobolds
  3 quokkas
  4 ball pythons
  4 bats
  2 frilled lizards
  2 rats (D:3)
63 creatures vanquished.

Vanquished Creatures (others)
  182 foxfires
  4 toadstools (D:2)
186 creatures vanquished.

Grand Total: 249 creatures vanquished

Notes
Turn   | Place    | Note
-------+----------+-------------------------------------------
     0 | D:1      | Mgcat the Djinni Fire Elementalist began the quest for the
                  | Orb.
     0 | D:1      | Reached XP level 1. HP: 15/15 MP: 0/0
   205 | D:1      | Reached skill level 3 in Spellcasting
   205 | D:1      | Reached XP level 2. HP: 20/22 MP: 0/0
   488 | D:1      | Reached skill level 1 in Fighting
   904 | D:2      | Reached XP level 3. HP: 25/27 MP: 0/0
   904 | D:2      | Learned a level 1 spell: Sting
   942 | D:2      | Noticed Terence
  1400 | D:3      | Found a burning altar of Makhleb.
  1409 | D:3      | Became a worshipper of Makhleb the Destroyer
  1667 | D:3      | You are sucked into a shaft and drop 2 floors!
  1667 | D:5      | Entered Level 5 of the Dungeon
  1692 | D:4      | Reached XP level 4. HP: 31/33 MP: 0/0
  1700 | D:4      | Reached skill level 2 in Fighting
  1819 | D:3      | Reached skill level 4 in Spellcasting
  1857 | D:3      | You are sucked into a shaft and drop 2 floors!
  2273 | D:3      | Reached XP level 5. HP: 37/38 MP: 0/0
  2273 | D:3      | Learned a level 2 spell: Searing Ray
  2474 | D:3      | Reached * piety under Makhleb
  2584 | D:3      | Found Rekaqei's Antique Weapon Shoppe.
  2885 | D:4      | You are sucked into a shaft and drop 3 floors!
  2921 | D:7      | Noticed a centaur
  2938 | D:7      | Killed a centaur
  2939 | D:7      | Reached XP level 6. HP: 14/45 MP: 0/0
  3171 | D:7      | You are sucked into a shaft and drop 3 floors!
  3171 | D:10     | Entered Level 10 of the Dungeon
  3171 | D:10     | Found Wewisa's Jewellery Shop.
  3186 | D:10     | Found Pinil's Jewellery Shoppe.
  3265 | D:10     | Reached skill level 2 in Stealth
  3328 | D:10     | Found Naot's General Store.
  3330 | D:10     | Found Pucesm's General Store.
  3341 | D:10     | Bought a scroll of identify for 30 gold pieces
  3341 | D:10     | Bought a scroll of magic mapping for 52 gold pieces
  3367 | D:10     | Noticed a yak
  3367 | D:10     | Noticed a yak
  3367 | D:10     | Noticed a yak
  3367 | D:10     | Noticed a yak
  3367 | D:10     | Noticed a yak
  3367 | D:10     | Noticed a yak
  3487 | D:8      | Noticed a water moccasin
  3517 | D:8      | Killed a water moccasin
  3518 | D:8      | Reached skill level 3 in Fighting
  3518 | D:8      | Reached skill level 3 in Dodging
  3732 | D:7      | HP: 11/46 [wyvern skeleton (15)]
  3733 | D:7      | Slain by a wyvern skeleton

Illustrated notes

Levels and vault maps discovered:
D:1:      minmay_arrival_doors, layout_rooms
D:2:      layout_rooms, hex_tiny, minmay_gold_behind_fungi, uniq_terence
D:3:      layout_basic, nicolae_overflow_crystal_walls, serial_shops, shop
D:4:      kennysheep_big_flooded_room, layout_cave_pods, st_stairs_9,
          minmay_crossroads
D:5:      layout_basic, grunt_temple_overflow_order_and_chaos_1,
          palyth_stone_intersect
D:7:      minmay_clustersquares, layout_basic, minivault_24, uniq_menkaure
D:8:      layout_cave_pools, nzn_ghost_randoct
D:9:      layout_irregular_city, lemuel_round_altar, nicolae_uskayaw_suspiria,
          grunt_dithmenos_smoke_and_mirrors, minmay_alternating_orb,
          uniq_harold, uniq_maurice
D:10:     layout_roguey, chei_slow_surprise, erik_lair_island,
          minmay_orc_entry_temple_small, serial_shops, nicolae_shop_waterfront,
          shop, shop, shop, shop, gammafunk_ghost_cemetery

Skill      XL: |  1  2  3  4  5  6 |
---------------+-------------------+-----
Spellcasting   | 3 4 |  4.9
Fighting       | 1 2 3 |  3.1
Stealth        | 2 |  2.3
Dodging        | 3 |  3.0

Action                   |  1- 3 |  4- 6 || total
-------------------------+-------+-------++-------
Melee: Dagger            |     1 |       ||     1
       Staff             |       |     1 ||     1
 Cast: Foxfire           |    61 |    67 ||   128
  Use: Scroll            |       |     7 ||     7
Armor: Robe              |     6 |    14 ||    20
Dodge: Dodged            |    24 |    36 ||    60

Table legend: (Time is in decaauts)
 A = Elapsed time spent in this place.
 B = Non-inter-level travel time spent in this place.
 C = Inter-level travel time spent in this place.
 D = Time resting spent in this place.
 E = Time spent auto-exploring this place.
 F = Levels seen in this place.
 G = Mean time per level.
                   A        B        C        D        E       F      G
               +--------+--------+--------+--------+--------+-----+--------+
         Total |   3734 |   3516 |    218 |    709 |   2232 |   9 |  414.9 |
       Dungeon |   3734 |   3516 |    218 |    709 |   2232 |   9 |  414.9 |
               +--------+--------+--------+--------+--------+-----+--------+

Top non-repeatable levels by time:
     D:3: 1361 daAuts
     D:1: 579 daAuts
     D:2: 554 daAuts
     D:8: 336 daAuts
     D:7: 292 daAuts
     D:5: 229 daAuts
    D:10: 212 daAuts
     D:4: 159 daAuts
     D:9: 7 daAuts

Table legend:
 A = Kills in this place as a percentage of kills in entire the game.
 B = Kills by you in this place as a percentage of kills by you in the entire game.
 C = Kills by friends in this place as a percentage of kills by friends in the entire game.
 D = Other kills in this place as a percentage of other kills in the entire game.
 E = Experience gained in this place as a percentage of experience gained in the entire game.
 F = Experience gained in this place divided by the number of levels of this place that you have seen.
                   A       B       C       D       E      F
               +-------+-------+-------+-------+-------+----------------------
         Total | 100.0 | 100.0 |   N/A |   N/A | 100.0 |  57.7
       Dungeon | 100.0 | 100.0 |   N/A |   N/A | 100.0 |  57.7
               +-------+-------+-------+-------+-------+----------------------
